 Dungeon Crawl Stone Soup version 0.17-a0-1399-gd5b76e1 (webtiles) character file.

261 urechis the Spear-Bearer (level 6, -3/46 HPs)
             Began as a Merfolk Gladiator on June 19, 2015.
             Killed by divine providence
             ... invoked by an orc priest
              (9 damage)
             ... on level 4 of the Dungeon.
             The game lasted 00:05:05 (2559 turns).

urechis the Spear-Bearer (Merfolk Gladiator)        Turns: 2559, Time: 00:05:06

Health: -3/46      AC:  4    Str: 15    XL:     6   Next: 18%
Magic:  6/6        EV: 15    Int:  7    God:
Gold:   143        SH:  0    Dex: 22    Spells: 0 memorised, 5 levels left

rFire  . . .     SeeInvis .     a - +0 trident
rCold  . . .     Clarity  .     b - +0 leather armour
rNeg   . . .     SustAt   .     (no shield)
rPois  .         Gourm    .     c - +0 helmet
rElec  .         Spirit   .     (no cloak)
rCorr  .         Warding  .     (no gloves)
rMut   .         Stasis   .     (no boots)
MR     .....                    (no amulet)
Stlth  ++........               (no ring)
                                s - +5 ring of dexterity

@: not resistant to hostile enchantments, unstealthy
A: change form in water, swift swim
a: no special abilities


You were on level 4 of the Dungeon.
You were not hungry.

You visited 1 branch of the dungeon, and saw 4 of its levels.

You collected 143 gold pieces.

Inventory:

Hand weapons
 a - a +0 trident (weapon)
Missiles
 e - 3 throwing nets (quivered)
Armour
 b - a +0 leather armour (worn)
 c - a +0 helmet (worn)
Jewellery
 s - a +5 ring of dexterity (left hand)
Scrolls
 f - 2 scrolls of teleportation {unknown}
 g - 2 scrolls of fog {unknown}
 k - a scroll of fear {unknown}
 l - a scroll of enchant armour {unknown}
 n - a scroll of enchant weapon {unknown}
 o - 5 scrolls of identify {unknown}
 q - 2 scrolls of remove curse {unknown}
Potions
 h - a potion of haste {unknown}
 p - 3 potions of heal wounds {unknown}
 r - 2 potions of curing {unknown}
Books
 m - a book of Clouds

   Spells                             Type                      Level
   a - Mephitic Cloud                 Conjuration/Poison/Air       3
   b - Conjure Flame                  Conjuration/Fire             3
   c - Poisonous Cloud                Conjuration/Poison/Air       6
   d - Freezing Cloud                 Conjuration/Ice/Air          6
   e - Ring of Flames                 Charms/Fire                  7
Comestibles
 d - 2 bread rations
 i - a meat ration
 j - a beef jerky
 t - 13 chunks of flesh


   Skills:
 * Level 2.5 Fighting
 + Level 9.3 Polearms
 - Level 2.0 Throwing
 + Level 4.3 Dodging


You had 5 spell levels left.
You didn't know any spells.

Dungeon Overview and Level Annotations

Branches:
Dungeon (4/15)
 Temple: D:4-7

Altars:
Cheibriados
Sif Muna
Vehumet
Xom
Yredelemnul


Message History

The orc priest hits you with a whip.
You hit the orc priest but do no damage.
The orc priest is heavily wounded.
The orc priest calls down the wrath of Beogh upon you.
Something smites you!
* * * LOW HITPOINT WARNING * * *
You are too injured to fight recklessly!
You are too injured to fight recklessly!
You are too injured to fight recklessly!
You are too injured to fight recklessly!
You are too injured to fight recklessly!
You are too injured to fight recklessly!
You closely miss the orc priest.
The orc priest is heavily wounded.
The orc priest barely misses you.
You closely miss the orc priest.
The orc priest is heavily wounded.
The orc priest calls down the wrath of Beogh upon you.
Something smites you!
You die...

#...... #.....l #......
####..... #......
#######....######### >
..........((........
....#######)..(#########
.....oo@..).(...........
....########....########
. #....# #....# #^...#
#....# ## #..... #. ##
##.


You could see an orc priest and an orc.

Vanquished Creatures
  The ghost of Uberwunderbarhen the Insei, an average OpTm (D:3)
  Ijyb (D:3)
  5 adders
  A shadow imp (D:4)
  A worm (D:3)
  A giant gecko (D:3)
  13 orcs
  A bat skeleton (D:4)
  2 giant cockroaches (D:3)
  20 goblins
  8 hobgoblins
  3 jackals (D:3)
  3 quokkas
  12 bats
  2 giant newts (D:2)
  7 kobolds
  8 rats
89 creatures vanquished.

Notes
Turn   | Place    | Note
--------------------------------------------------------------
     0 | D:1      | urechis the Merfolk Gladiator began the quest for the Orb.
     0 | D:1      | Reached XP level 1. HP: 16/16 MP: 1/1
    71 | D:1      | Reached skill level 5 in Polearms
    72 | D:1      | Reached XP level 2. HP: 19/22 MP: 2/2
   613 | D:2      | Reached XP level 3. HP: 27/27 MP: 3/3
   622 | D:2      | Reached skill level 6 in Polearms
   823 | D:2      | Found a shimmering altar of Xom.
  1479 | D:3      | Reached XP level 4. HP: 31/33 MP: 4/4
  1481 | D:3      | Reached skill level 7 in Polearms
  1686 | D:3      | Found a deep blue altar of Sif Muna.
  1818 | D:3      | Noticed Ijyb
  1835 | D:3      | Killed Ijyb
  1835 | D:3      | Reached skill level 8 in Polearms
  1835 | D:3      | Reached XP level 5. HP: 27/38 MP: 5/5
  2066 | D:3      | Noticed Uberwunderbarhen's ghost (average OpTm)
  2077 | D:3      | Killed Uberwunderbarhen's ghost
  2077 | D:3      | Reached skill level 9 in Polearms
  2288 | D:4      | Reached XP level 6. HP: 44/44 MP: 6/6
  2381 | D:4      | Found a radiant altar of Vehumet.
  2386 | D:4      | Found a basalt altar of Yredelemnul.
  2416 | D:4      | Found a snail-covered altar of Cheibriados.
  2559 | D:4      | Killed from afar by an orc priest

Vault maps used:
D:1:      dpeg_arrival_renting
D:2:      nicolae_overflow_crystal_walls
D:3:      kennysheep_goblin_castle, nicolae_overflow_hidden_temple
D:4:      gammafunk_temple_overflow_forgotten, serial_shops, shop, first_bread

Action                   |  1- 3 |  4- 6 || total
-------------------------+-------+-------++-------
Melee: Trident           |    97 |   177 ||   274
 Stab: Sleeping          |     1 |     8 ||     9
       Distracted        |       |     1 ||     1
  Eat: Bread ration      |     1 |       ||     1
       Chunk             |     1 |       ||     1
